 Dungeon Crawl Stone Soup version 0.31-a0-222-gefeffbb62a (webtiles) character file.

Game seed: 4253814630109048383

294 qw the Chopper (level 6, -2/38 HPs)
             Began as a Gargoyle Fighter on July 5, 2023.
             Slain by a gnoll sergeant
             ... wielding a +0 trident
              (3 damage)
             ... on level 5 of the Dungeon.
             The game lasted 00:01:02 (2727 turns).

qw the Chopper (Gargoyle Fighter)                   Turns: 2727, Time: 00:01:03

Health: -2/38      AC: 17    Str: 21    XL:     6   Next: 33%
Magic:  6/6        EV:  8    Int:  9    God:
Gold:   167        SH:  4    Dex:  9    Spells: 5/5 levels left

rFire   . . .        Y - +0 war axe
rCold   . . .        c - +0 buckler
rNeg    + . .        h - +0 chain mail
rPois   inf          (no helmet)
rElec   +            a - +0 cloak "Ludupeyn" {*Corrode Will+ Slay+3}
rCorr   .            s - +0 pair of gloves
SInv    +            f - +0 pair of boots
Will    +++..        (no amulet) Stlth
                     o - ring of Weitorhe {rElec Will+ SInv}
HPRegen 0.26/turn    e - ring of willpower
MPRegen 0.10/turn

%: corrode self (3%)
@: no status effects
A: sickness immunity, AC +4, negative energy resistance 1, electricity
resistance, torment resistance 1, petrification resistance
a: no special abilities


You were on level 5 of the Dungeon.
You visited 1 branch of the dungeon, and saw 5 of its levels.

You collected 167 gold pieces.


Innate Abilities, Weirdness & Mutations

You are immune to sickness and miasma.
Your stone body is resilient. (AC +4)
You are immune to poison.
You resist negative energy. (rN+)
You are resistant to electric shocks. (rElec)
You are resistant to unholy torment.
You are immune to petrification.


   Skills:
 - Level 4.0 Fighting
 + Level 5.0 Axes
 - Level 1.1 Throwing
 - Level 3.2 Armour
 - Level 1.3 Dodging
 - Level 3.2 Shields


You had 5 spell levels left.
You didn't know any spells.
Your spell library was empty.

Inventory:

Hand Weapons
 b - a +0 morningstar
 Y - a +0 war axe (weapon)
Missiles
 p - 3 javelins (quivered)
Armour
 a - the +0 cloak "Ludupeyn" (worn) {*Corrode Will+ Slay+3}
   (You acquired it on level 1 of the Dungeon)

   Slay:      It affects your accuracy & damage with ranged weapons and melee
   (+3).
   *Corrode:  It may corrode you when you take damage.
   Will:      It increases your willpower.
 c - a +0 buckler (worn)
 f - a +0 pair of boots (worn)
 h - a +0 chain mail (worn)
 s - a +0 pair of gloves (worn)
Jewellery
 e - a ring of willpower (right hand)
 i - a +6 ring of dexterity
 o - the ring of Weitorhe (left hand) {rElec Will+ SInv}
   (You found it on level 3 of the Dungeon)

   [ring of see invisible]

   rElec:     It insulates you from electricity.
   SInv:      It lets you see invisible.
   Will:      It increases your willpower.
 q - the ring "Rome" {rElec Int+2 SInv}
   (You acquired it on level 3 of the Dungeon)

   [ring of see invisible]

   Int:       It affects your intelligence (+2).
   rElec:     It insulates you from electricity.
   SInv:      It lets you see invisible.
Scrolls
 r - a scroll of identify
Potions
 d - a potion of might
 g - 2 potions of magic
 j - a potion of mutation
 n - a potion of curing
 t - a potion of attraction {unknown}

Dungeon Overview and Level Annotations

Branches:
Dungeon (5/15)
 Temple: D:4-7

Altars:
Dithmenos
Hepliaklqana
The Shining One

Shops:
D:2 =

Annotations:
D:3 1 runed translucent door, Crazy Yiuf
D:4 2 transporters


Message History

You see here a throwing net.
Enter note: You slash the gnoll!
You kill the gnoll!
You barely miss the gnoll. The gnoll hits you but does no damage.
The gnoll throws a throwing net.
The throwing net barely misses you.
Your Fighting skill increases to level 4!
You barely miss the gnoll. You block the gnoll's attack.
You barely miss the gnoll. The gnoll completely misses you.
You slash the gnoll!
The gnoll is almost dead.
The gnoll sergeant hits you from afar with a +0 trident.
The gnoll hits you with a +0 spear.
A phantom comes into view.
The gnoll sergeant hits you from afar with a +0 trident.
The gnoll hits you with a +0 spear.
The phantom moves out of view.
You slash the gnoll!
You kill the gnoll!
The gnoll sergeant hits you but does no damage.
The gnoll sergeant hits you with a +0 trident!
You slash the gnoll sergeant!
The gnoll sergeant is heavily wounded.
You hit the gnoll. The gnoll hits you but does no damage.
The gnoll sergeant hits you with a +0 trident.
You barely miss the gnoll sergeant.
The gnoll sergeant is heavily wounded.
You barely miss the gnoll. The gnoll hits you with a +0 flail.
The gnoll sergeant hits you with a +0 trident. x2
The gnoll barely misses you.
You completely miss the gnoll sergeant.
The gnoll sergeant is heavily wounded.
You hit the gnoll. The gnoll hits you but does no damage.
The gnoll sergeant hits you with a +0 trident.
You die...

... ... ..##.. ..
...... ... #.........
#...##...### .
#...#......#.#
##.g........#.#
#..@g.........#
##.)(##........##
#..).##..........
#.....#..........
#..##.........####
#..##.....###.##.####.
#..#......###.......#.
#.........#...#.......
#....###......#.....#


You could see a gnoll sergeant and a gnoll.

Vanquished Creatures
  A scorpion (D:4)
  2 hounds
  An iguana (D:4)
  4 gnolls (D:5)
  8 adders
  3 orcs
  An endoplasm (D:3)
  2 giant cockroaches
  5 goblins
  2 hobgoblins (D:4)
  2 quokkas (D:2)
  8 ball pythons
  4 bats (D:1)
  A frilled lizard (D:3)
  4 rats
48 creatures vanquished.

Notes
Turn   | Place    | Note
-------+----------+-------------------------------------------
     0 | D:1      | qw the Gargoyle Fighter began the quest for the Orb.
     0 | D:1      | Reached XP level 1. HP: 14/14 MP: 1/1
     0 | D:1      | 0 ||| qw: Version: 0.3-a-46-gb1f654a
     0 | D:1      | 0 ||| qw: Game counter: 1042
     0 | D:1      | 0 ||| qw: Melee chars always use a shield: true
     0 | D:1      | 0 ||| qw: God list: Okawaru
     0 | D:1      | 0 ||| qw: Allow faded altars: false
     0 | D:1      | 0 ||| qw: Do Orc after clearing Dungeon:15 true
     0 | D:1      | 0 ||| qw: Do second Lair branch before Depths: true
     0 | D:1      | 0 ||| qw: Lair rune preference: random
     0 | D:1      | 0 ||| qw: Goals: Normal, Zot:1-4, Slime:5, God:TSO, Crypt,
                  | Tomb, Abyss, Pan, Hells, Win
     0 | D:1      | 0 ||| PLANNING D:1-11
   143 | D:1      | Reached skill level 2 in Axes
   309 | D:1      | 309 ||| DROPPING +0 club.
   318 | D:1      | Reached XP level 2. HP: 19/19 MP: 2/2
   677 | D:1      | 677 ||| UPGRADING to +0 pair of boots.
   682 | D:1      | 682 ||| UPGRADING to ring of willpower.
   683 | D:1      | 683 ||| READING scroll labelled VULUTW OQIDYWN.
   687 | D:1      | 687 ||| READING scroll labelled KOUFUSCH DIMO.
   688 | D:1      | 688 ||| READING scroll labelled IDOH DONEL.
   688 | D:1      | Identified a scroll of acquirement
   688 | D:1      | 688 ||| ACQUIRING +0 cloak "Ludupeyn" {*Corrode Will+
                  | Slay+3}
   688 | D:1      | Acquired the +0 cloak "Ludupeyn" {*Corrode Will+ Slay+3}
   690 | D:1      | 690 ||| UPGRADING to +0 cloak "Ludupeyn" {*Corrode Will+
                  | Slay+3}.
   695 | D:1      | 695 ||| READING scroll labelled YPLISEAV YMPU.
   696 | D:1      | 696 ||| READING scroll labelled DOARYNW DANIES.
   703 | D:2      | Found a hazy altar of Hepliaklqana.
   750 | D:2      | Found Jyreif's Jewellery Emporium.
   751 | D:2      | 751 ||| Stepping ~*~*~tactically~*~*~ (stealth).
   755 | D:2      | Reached skill level 3 in Axes
   758 | D:2      | Reached XP level 3. HP: 22/23 MP: 3/3
   764 | D:2      | 764 ||| SHOPLISTING +4 ring of protection (396 gold, have
                  | 64).
   764 | D:2      | 764 ||| SHOPLISTING amulet of Daowudwi {Acrobat Dex+4} (499
                  | gold, have 64).
   764 | D:2      | 764 ||| SHOPLISTING amulet of regeneration (330 gold, have
                  | 64).
   764 | D:2      | 764 ||| SHOPLISTING ring of Qogo {+Blink rCorr Int+2} (420
                  | gold, have 64).
   764 | D:2      | 764 ||| SHOPLISTING ring of positive energy (220 gold, have
                  | 64).
   764 | D:2      | 764 ||| SHOPLISTING ring of resist corrosion (220 gold,
                  | have 64).
   957 | D:2      | Identified the staff of Circular Logic {rPois rN+ Str+3
                  | Stlth+ Necro}
   988 | D:2      | Reached XP level 4. HP: 28/28 MP: 4/4
  1034 | D:2      | Reached skill level 4 in Axes
  1140 | D:2      | 1140 ||| UPGRADING to +6 ring of dexterity.
  1141 | D:2      | 1141 ||| DRINKING 3 bubbling inky potions.
  1142 | D:2      | 1142 ||| DRINKING 2 fuming sapphire potions.
  1230 | D:3      | Identified the ring of Weitorhe {rElec Will+ SInv}
  1260 | D:3      | Reached skill level 1 in Dodging
  1288 | D:3      | 1288 ||| READING scroll of acquirement.
  1288 | D:3      | 1288 ||| ACQUIRING ring "Rome" {rElec Int+2 SInv}
  1288 | D:3      | Acquired the ring "Rome" {rElec Int+2 SInv}
  1290 | D:3      | 1290 ||| UPGRADING to ring of Weitorhe {rElec Will+ SInv}.
  1610 | D:3      | Reached XP level 5. HP: 32/32 MP: 5/5
  1651 | D:3      | 1651 ||| DROPPING +0 whip.
  1656 | D:3      | Found a runed translucent door.
  1657 | D:3      | Noticed Crazy Yiuf
  1777 | D:3      | 1777 ||| UPGRADING to +0 chain mail.
  1787 | D:3      | 1787 ||| DROPPING +0 scale mail.
  1788 | D:3      | 1788 ||| UPGRADING to +0 pair of gloves.
  1793 | D:3      | 1793 ||| UPGRADING to ring of willpower.
  1795 | D:3      | 1795 ||| READING scroll labelled UTEENLATUT.
  1896 | D:3      | 1896 ||| READING 2 scrolls labelled FASALYONAPT.
  1897 | D:3      | 1897 ||| DROPPING scroll of noise.
  2027 | D:4      | Reached skill level 1 in Throwing
  2032 | D:4      | Found a transporter.
  2040 | D:4      | Found a transporter.
  2138 | D:4      | Found a glowing golden altar of the Shining One.
  2170 | D:4      | 2170 ||| DROPPING +0 hammer.
  2367 | D:4      | Reached skill level 5 in Axes
  2367 | D:4      | Reached XP level 6. HP: 37/37 MP: 6/6
  2470 | D:4      | Found a shadowy altar of Dithmenos.
  2612 | D:4      | 2612 ||| READING 2 scrolls of identify.
  2612 | D:4      | 2612 ||| IDENTIFYING emerald potion
  2650 | D:5      | Entered Level 5 of the Dungeon
  2654 | D:5      | 2654 ||| STAIRDANCE
  2707 | D:5      | 2707 ||| Stepping ~*~*~tactically~*~*~ (hiding).
  2708 | D:5      | 2708 ||| Stepping ~*~*~tactically~*~*~ (hiding).
  2726 | D:5      | HP: 7/38 [gnoll/+0 flail[a gnoll sergeant] (5)]
  2726 | D:5      | HP: 1/38 [gnoll sergeant/+0 trident (5)]
  2727 | D:5      | Slain by a gnoll sergeant

Levels and vault maps discovered:
D:1:      saegor_arrival_simple_e, layout_basic
D:2:      layout_basic, basic_altar, serial_shops, shop
D:3:      layout_loops_ring, uniq_crazy_yiuf_cottage
D:4:      gammafunk_steamed_eel, layout_gridville,
          grunt_dithmenos_smoke_and_mirrors, tso_oasis_becter
D:5:      layout_cave_pools

Skill      XL: |  1  2  3  4  5  6 |
---------------+-------------------+-----
Axes           | 2 3 4 5 |  5.0
Dodging        | 1 |  1.3
Throwing       | 1 |  1.1
Fighting       | 4 |  4.0
Armour         | |  3.2
Shields        | |  3.2

Action                     |  1- 3 |  4- 6 || total
---------------------------+-------+-------++-------
  Melee: War axe           |    66 |    46 ||   112
  Throw: Javelin           |       |    20 ||    20
    Use: Scroll            |     5 |     4 ||     9
         Potion            |       |     2 ||     2
 Armour: Scale mail        |    33 |     7 ||    40
         Chain mail        |       |    20 ||    20
  Dodge: Dodged            |    28 |    14 ||    42
  Block: Buckler           |    20 |    10 ||    30

Table legend:
 A = Non-vault XP
 B = Vault XP
 C = Vault XP percentage of total XP
 D = Non-vault monster count
 E = Vault monster count
 F = Vault count percentage of total count
                 A         B        C        D         E       F
            +---------+---------+-------+---------+---------+-------
      Total |     420 |       0 |   0.0 |      48 |       0 |   0.0
            +---------+---------+-------+---------+---------+-------
        D:1 |      19 |       0 |   0.0 |      11 |       0 |   0.0
        D:2 |      84 |       0 |   0.0 |      16 |       0 |   0.0
        D:3 |      62 |       0 |   0.0 |       6 |       0 |   0.0
        D:4 |     199 |       0 |   0.0 |      11 |       0 |   0.0
        D:5 |      56 |       0 |   0.0 |       4 |       0 |   0.0
            +---------+---------+-------+---------+---------+-------
